Map: Triton LE

Players

LiquidMaNa (MaNa) - Winner!

  • Race: Protoss Protoss
  • League: Grandmaster
  • Spawn Location: 11:00

Special

  • Race: Terran Terran
  • League: Master
  • Spawn Location: 5:00

Event: HomeStory Cup XX

VOD

Have the link to the VOD?

Description

Time

  • Played on: Nov. 23, 2019, 3:11 p.m.
  • Length: 14:39

All games in this series

Show
View Real Time Build Order
Export as new Build Order

LiquidMaNa Protoss - Winner!

Build Orders: 1 Gate Expand, Blink Stalkers 

Get SALT Encoding   

  12  0:00  Probe  
  13  0:12  Probe  
  14  0:21  Pylon  
  14  0:24  Probe  
  15  0:35  Probe  
  15  0:41  Gateway  
  16  0:43  Probe  
  16  0:47  Assimilator  
  17  0:53  Probe  
  18  1:05  Probe  
  19  1:17  Probe  
  20  1:28  Cybernetics Core  
  20  1:35  Nexus  
  20  1:45  Pylon  
  20  1:46  Probe  
  21  1:51  Assimilator  
  21  1:54  Adept  
  21  1:58  Probe  
  24  2:10  Probe  
  24  2:14  Warp Gate  
  25  2:22  Probe  
  25  2:23  Stalker  
  25  2:27  Twilight Council  
  27  2:38  Probe  
  28  2:44  Pylon  
  28  2:45  Blink  
  28  2:47  Probe  
  28  2:50  Probe  
  30  3:03  Probe x2  
  32  3:12  Gateway  
  32  3:18  Gateway  
  32  3:20  Probe  
  32  3:23  Probe  
  34  3:34  Probe  
  34  3:35  Probe  
  34  3:47  Probe x2  
  36  3:51  Pylon  
  36  3:59  Probe  
  36  4:00  Probe  
  38  4:03  Stalker  
  38  4:09  Stalker  
  41  4:11  Probe  
  41  4:12  Probe  
  41  4:13  Stalker  
  41  4:15  Robotics Facility  
  45  4:24  Probe x2  
  47  4:26  Stalker  
  49  4:33  Stalker  
  49  4:36  Stalker  
  49  4:37  Probe x2  
  55  4:41  Assimilator  
  55  4:42  Pylon  
  55  4:45  Pylon  
  55  4:49  Stalker, Probe x2  
  59  4:57  Stalker  
  61  5:03  Observer  
  61  5:05  Probe x2  
  62  5:17  Stalker  
  62  5:18  Stalker, Probe  
  67  5:21  Assimilator  
  67  5:24  Warp Prism  
  67  5:27  Charge  
  67  5:34  Gateway  
  67  5:35  Gateway  
  69  5:36  Gateway  
  69  5:44  Probe x2  
  69  5:47  Templar Archives  
  71  5:55  Pylon  
  71  5:57  Sentry  
  71  5:59  Pylon  
  73  6:04  Nexus  
  73  6:13  Immortal  
  73  6:15  Probe x2  
  77  6:21  Stalker  
  77  6:28  Probe x2  
  77  6:40  Probe  
  72  6:48  Psionic Storm, Probe  
  72  6:54  Observer  
  63  6:59  Zealot x6  
  73  7:02  Immortal  
  73  7:04  Probe  
  76  7:19  High Templar  
  76  7:22  Stalker  
  80  7:32  High Templar  
  80  7:34  Zealot x2  
  80  7:35  Zealot  
  86  7:43  Immortal  
  82  7:54  Zealot x2  
  82  7:55  Zealot x3  
  88  8:07  High Templar  
  85  8:15  Shield Battery  
  85  8:16  Shield Battery  
  78  8:23  Shield Battery  
  78  8:34  Stalker  
  78  8:35  Observer  
  74  8:42  Stalker, Zealot  
  74  8:45  Pylon  
  74  8:46  Pylon  
  74  8:47  Zealot x2  
  78  8:51  Probe x2  
  76  8:56  High Templar  
  70  9:03  Warp Prism  
  70  9:08  Probe x2  
  65  9:18  High Templar x2  
  65  9:23  Archon  
  69  9:26  High Templar x2, Zealot  
  69  9:27  Probe x2  
  69  9:30  Archon  
  77  9:37  Sentry  
  79  9:41  Nexus  
  79  9:46  Pylon  
  79  9:48  Sentry  
  81  9:56  Stalker x2  
  76  10:07  Zealot x4  
  76  10:08  Probe  
  85  10:20  Probe  
  85  10:21  Probe  
  87  10:33  Zealot x4  
  87  10:40  Warp Prism  
  67  10:55  Zealot x3  
  65  11:01  High Templar x2  
  63  11:05  High Templar  
  63  11:09  Probe x3  
  66  11:15  Immortal, High Templar x2  
  70  11:19  Archon  
  74  11:36  Zealot x3  
  78  11:42  Stalker  
  74  11:48  Zealot x2  
  72  11:54  Probe  
  72  11:55  Probe  
  71  12:01  Archon  
  71  12:06  Stalker x2  
  75  12:12  High Templar  
  75  12:13  Probe x2  
  79  12:15  Immortal  
  79  12:25  Shield Battery  
  83  12:34  Shield Battery  
  83  12:39  Zealot x2  
  87  12:50  Stalker x2  
  91  13:01  Probe  
  88  13:09  Observer  
  88  13:16  High Templar x2, Zealot  
  88  13:19  Stalker  
  96  13:21  Archon  
  96  13:22  Zealot  
  98  13:27  Zealot  
  100  13:38  Zealot  
  102  13:44  Stalker  
  102  13:46  Zealot  
  88  14:06  Stalker  
  88  14:07  Stalker x4  
  86  14:36  Zealot x5  
Show
View Real Time Build Order
Export as new Build Order

Special Terran 

Build Orders: Reaper Expand 

Get SALT Encoding   

  12  0:00  SCV  
  13  0:12  SCV  
  14  0:17  Supply Depot  
  14  0:24  SCV  
  15  0:39  SCV  
  15  0:40  Barracks  
  16  0:43  Refinery  
  16  0:51  SCV  
  17  1:03  SCV  
  18  1:15  SCV  
  19  1:28  Orbital Command  
  19  1:29  Reaper  
  20  1:38  Supply Depot  
  20  1:42  Command Center  
  20  1:49  Supply Depot  
  20  1:54  SCV  
  21  2:01  Marine  
  21  2:07  Factory  
  22  2:08  SCV  
  23  2:16  Refinery  
  23  2:20  SCV, Barracks Reactor  
  24  2:26  Bunker  
  24  2:33  SCV  
  25  2:45  SCV  
  26  2:54  Starport, Hellion  
  26  2:57  SCV  
  29  2:59  Orbital Command  
  29  3:02  Marine  
  29  3:05  Marine  
  31  3:09  SCV  
  31  3:12  Orbital Command  
  32  3:17  Widow Mine  
  34  3:22  SCV  
  34  3:23  Marine  
  34  3:24  Marine  
  37  3:34  Starport Tech Lab, SCV  
  37  3:39  SCV  
  39  3:45  Factory Tech Lab  
  39  3:46  Barracks  
  39  3:47  SCV  
  40  3:51  Marine x2, SCV  
  43  3:58  Raven  
  43  3:59  SCV  
  46  4:04  Supply Depot  
  46  4:08  SCV  
  46  4:13  Barracks  
  46  4:19  Engineering Bay  
  46  4:25  Marine x2, SCV  
  46  4:26  SCV  
  46  4:27  Supply Depot  
  50  4:34  Refinery  
  50  4:38  SCV x2  
  52  4:39  Marauder  
  52  4:42  Stimpack  
  54  4:48  Terran Infantry Weapons Level 1  
  54  4:49  Marine x2  
  54  4:50  SCV x2  
  54  4:52  Starport Reactor  
  58  4:58  Widow Mine  
  60  5:02  Bunker  
  60  5:04  Marauder  
  62  5:23  Supply Depot  
  62  5:27  Marine x2, SCV  
  62  5:28  Marauder  
  67  5:34  Medivac x2  
  69  5:41  SCV  
  70  5:44  SCV  
  70  5:45  Marauder, Marine x2  
  70  5:48  Supply Depot, Factory Reactor  
  75  5:53  SCV  
  75  5:55  Refinery  
  75  5:56  Supply Depot, SCV  
  77  6:03  Marine  
  78  6:09  Marine, Medivac, SCV x2  
  78  6:10  Marauder  
  85  6:16  Supply Depot  
  85  6:18  Medivac  
  87  6:21  SCV x2  
  89  6:26  Marine  
  89  6:27  Marine  
  91  6:33  Marauder  
  91  6:39  SCV  
  87  6:42  SCV  
  87  6:44  Marine  
  87  6:45  Marine  
  85  6:51  Medivac x2  
  85  6:55  Marauder, Barracks Reactor  
  85  6:59  Command Center, SCV x2  
  88  7:03  Marine x2, Combat Shield  
  90  7:11  Liberator, SCV x2  
  90  7:13  Barracks  
  90  7:15  Barracks  
  92  7:17  Marauder, Supply Depot  
  92  7:21  Marine x2  
  96  7:23  SCV  
  100  7:31  Terran Infantry Armor Level 1  
  100  7:34  Marine  
  99  7:38  Marauder  
  99  7:39  Marine x2  
  99  7:42  SCV  
  92  7:45  Marine  
  82  7:51  Marine  
  77  8:00  Marauder  
  77  8:05  Marine  
  62  8:21  Marauder  
  60  8:29  Marine x3  
  60  8:32  Marine  
  59  8:42  Marine  
  59  8:43  Marauder  
  59  8:53  Marine x2  
  59  8:59  SCV  
  60  9:04  Marauder  
  60  9:05  Widow Mine  
  66  9:11  SCV x2  
  66  9:12  Orbital Command  
  66  9:23  Marine x2, SCV x2  
  71  9:25  Marauder  
  70  9:35  SCV x2  
  72  9:38  Marine  
  72  9:39  Marine x3  
  72  9:41  Marine, Widow Mine  
  72  9:42  Widow Mine  
  72  9:45  SCV  
  82  9:47  SCV  
  82  9:48  SCV  
  84  9:57  SCV  
  84  10:03  Widow Mine  
  76  10:09  Widow Mine  
  76  10:14  Marine x3, Marauder  
  75  10:17  Marine x2  
  79  10:22  SCV x2  
  79  10:24  Widow Mine  
  83  10:31  Widow Mine  
  67  10:36  Marauder  
  67  10:38  Marine  
  54  10:46  Widow Mine  
  45  10:50  Marine x2  
  44  10:57  Marauder  
  44  10:59  SCV x2  
  46  11:08  SCV  
  46  11:09  Marine x2  
  46  11:10  Marine x2  
  53  11:11  SCV  
  53  11:15  Barracks Tech Lab x2  
  53  11:16  SCV  
  53  11:20  SCV  
  53  11:23  SCV  
  55  11:26  Marine  
  55  11:27  Marine x2  
  55  11:28  SCV  
  60  11:32  SCV  
  60  11:35  Marauder, SCV  
  63  11:40  SCV  
  63  11:46  Marine x3  
  67  11:48  SCV x2  
  69  11:55  Marauder x2, SCV  
  69  12:00  SCV  
  69  12:04  Medivac  
  71  12:12  Marauder  
  71  12:13  Marine x3  
  73  12:16  Marauder x2  
  73  12:21  Orbital Command  
  73  12:22  SCV x2  
  83  12:30  Widow Mine x2, Marine  
  83  12:31  Marine  
  83  12:35  Starport Reactor  
  83  12:36  Marine x2, Supply Depot  
  89  12:37  Marauder  
  89  12:41  SCV x2  
  91  12:47  SCV  
  85  12:53  SCV x2  
  85  12:57  Marine x4  
  91  12:59  SCV  
  91  13:02  Widow Mine x2  
  96  13:05  SCV x2  
  96  13:11  SCV  
  95  13:14  Marine  
  95  13:15  Marine x3  
  95  13:16  Marauder  
  101  13:29  Marine  
  101  13:34  Supply Depot  
  101  13:41  Supply Depot  
  101  13:48  SCV  
  101  13:49  Marine x3  
  101  13:51  Marauder, Medivac  
  101  13:52  Marauder  
  101  13:53  Medivac  
  87  13:57  Marine  
  78  14:08  Marauder, Marine  
  78  14:11  Widow Mine x2  
  78  14:13  Marauder  
  78  14:20  SCV  
Tags
 
Add a new tag
Caveats
  • Supply blocks, unpowered buildings, or Contaminate may cause inaccurate times.
  • Supply counts are checked every 10 seconds.